Map: Lost and Found LE

Players

JonSnow - Winner!

  • Race: Zerg Zerg
  • Spawn Location: 7:00

Isaac

  • Race: Zerg Zerg
  • Spawn Location: 1:00

Event: WCS Austin 2018

VOD

Have the link to the VOD?

Description

Time

  • Played on: June 1, 2018, 2:36 p.m.
  • Length: 5:11

All games in this series

Show
View Real Time Build Order
Export as new Build Order

JonSnow Zerg - Winner!

Build Orders: Hatch First 

Get SALT Encoding   

  12  0:01  Drone  
  13  0:13  Overlord  
  13  0:16  Drone  
  14  0:31  Drone x2  
  17  0:35  Drone  
  17  0:53  Hatchery  
  17  0:55  Drone  
  17  0:58  Drone  
  18  1:05  Extractor  
  17  1:14  Spawning Pool  
  17  1:15  Drone  
  17  1:21  Drone  
  18  1:29  Drone  
  19  1:40  Drone  
  20  1:50  Overlord  
  20  2:00  Queen  
  22  2:04  Queen  
  22  2:05  Zergling x4  
  22  2:07  Metabolic Boost  
  26  2:12  Zergling x2  
  27  2:16  Drone  
  28  2:24  Drone  
  28  2:26  Drone  
  30  2:36  Hatchery  
  29  2:44  Drone  
  29  2:45  Drone  
  29  2:46  Drone  
  29  2:48  Drone  
  33  2:54  Baneling Nest  
  33  2:57  Overlord  
  32  3:02  Zergling x2  
  33  3:10  Zergling x6  
  36  3:16  Zergling x8  
  40  3:26  Zergling x2  
  40  3:27  Zergling x4  
  41  3:32  Zergling x2  
  42  3:37  Overlord  
  42  3:41  Zergling x2  
  42  3:45  Zergling x6  
  43  3:48  Baneling x3  
  43  3:49  Baneling  
  43  3:53  Zergling x8  
  47  3:59  Queen  
  47  4:02  Zergling x2  
  50  4:03  Zergling x2  
  51  4:12  Zergling x8  
  53  4:19  Baneling  
  53  4:20  Baneling  
  53  4:21  Zergling x6  
  56  4:26  Zergling x2  
  51  4:34  Zergling x10  
  51  4:37  Zergling x2  
  56  4:42  Zergling x6  
  55  4:49  Zergling x2  
  52  4:53  Zergling x2  
Show
View Real Time Build Order
Export as new Build Order

Isaac Zerg 

Build Orders: Hatch First 

Get SALT Encoding   

  12  0:01  Drone  
  13  0:13  Overlord  
  13  0:17  Drone  
  14  0:31  Drone x2  
  16  0:38  Drone  
  17  0:54  Hatchery  
  17  0:55  Drone  
  17  0:57  Drone  
  18  1:06  Extractor  
  17  1:14  Spawning Pool  
  17  1:16  Drone  
  17  1:19  Drone  
  18  1:31  Drone  
  19  1:40  Overlord  
  19  2:01  Queen  
  19  2:02  Zergling x4  
  19  2:06  Queen  
  25  2:08  Metabolic Boost  
  25  2:14  Drone  
  25  2:15  Drone  
  27  2:25  Drone x2  
  29  2:36  Hatchery  
  28  2:44  Drone x2  
  28  2:45  Drone  
  28  2:47  Overlord  
  31  2:58  Zergling x4  
  33  3:05  Zergling x4  
  35  3:11  Zergling x4  
  35  3:12  Zergling x4  
  39  3:16  Zergling x6  
  42  3:21  Zergling x2  
  40  3:33  Roach Warren, Extractor  
  38  3:38  Zergling x6  
  39  3:50  Overlord  
  39  3:51  Drone x5  
  44  4:14  Roach x5  
  44  4:15  Roach x2  
  57  4:18  Overlord  
  54  4:25  Roach  
  54  4:26  Roach  
  50  4:38  Zergling x4  
  50  4:39  Zergling x2  
  50  4:41  Zergling x4  
  47  4:47  Zergling x4  
  45  4:53  Zergling x4  
Tags
 
Add a new tag
Caveats
  • Supply blocks, unpowered buildings, or Contaminate may cause inaccurate times.
  • Supply counts are checked every 10 seconds.